 Dungeon Crawl Stone Soup version 0.30-a0-43-gbbf338a72c (webtiles) character file.

Game seed: 4342655543528538365

180045 scionoferis the Unseen (level 17, -6/102 HPs)
             Began as a Vampire Enchanter on Aug 29, 2022.
             Was the Champion of Dithmenos.
             Killed by divine providence
             ... invoked by Saint Roka
              (12 damage)
             ... while paralysed by an orc sorcerer
             ... on level 4 of the Snake Pit on Aug 31, 2022.
             The game lasted 04:05:12 (39690 turns).

scionoferis the Unseen (Vampire Enchanter)         Turns: 39690, Time: 04:05:29

Health: -6/102     AC: 15    Str:  5    XL:     17   Next: 63%
Magic:  32/32      EV: -1    Int: 27    God:    Dithmenos [******]
Gold:   1712       SH:  0    Dex: 32    Spells: 8/39 levels left

rFire   + . .      SeeInvis +    a - +2 dagger (speed)
rCold   + + +      Faith    .    A - +0 buckler
rNeg    + + +      Spirit   .    K - +2 robe "Vuiviruc" {Dex+4}
rPois   ∞          Reflect  +    N - +0 helmet {Int+3}
rElec   .          Harm     .    l - +2 cloak
rCorr   .          Rampage  .    S - +1 pair of gloves of the Stars {*Corrode Will+ Str+3 Int+4}
Will    ++...                    m - -1 pair of boots "Qopp" {rC++ Str-5 Dex+8} Stlth ********++
                                 s - amulet of reflection
HPRegen 0.00/turn                B - +4 ring of protection
MPRegen 0.23/turn                D - ring of protection from fire

@: paralysed, bloodless, inhibited regen, wreathed by umbra, constricted
A: bloodless, fangs 3, see invisible, vampiric 2, noise suppression
a: Bat Form, Revivify, Renounce Religion, Shadow Step, Shadow Form


You were on level 4 of the Snake Pit.
You worshipped Dithmenos.
Dithmenos was exalted by your worship.
You visited 5 branches of the dungeon, and saw 27 of its levels.
You also visited: Gauntlet, Ice Cave and Volcano.

You collected 2925 gold pieces.
You spent 1213 gold pieces at shops.

Inventory:

Hand Weapons
 a - a +2 dagger of speed (weapon)
 b - a +4 scimitar of flaming
 j - a +0 antimagic dagger
 V - a +0 sling
Missiles
 f - 2 throwing nets
 o - 25 poisoned darts (quivered)
 Y - 3 curare-tipped darts
Armour
 l - a +2 cloak (worn)
 m - the -1 pair of boots "Qopp" (worn) {rC++ Str-5 Dex+8}
   (You found it in an ice cave)

   Str:       It affects your strength (-5).
   Dex:       It affects your dexterity (+8).
   rC:        It greatly protects you from cold.
 A - a +0 buckler (worn)
 K - the +2 robe "Vuiviruc" (worn) {Dex+4}
   (You found it on level 9 of the Dungeon)

   Dex:       It affects your dexterity (+4).
 N - a +0 helmet of intelligence (worn)
 S - the +1 pair of gloves of the Stars (worn) {*Corrode Will+ Str+3 Int+4}
   (You found it in a Gauntlet)

   Str:       It affects your strength (+3).
   Int:       It affects your intelligence (+4).
   *Corrode:  It may corrode you when you take damage.
   Will:      It increases your willpower.
Jewellery
 h - a ring of willpower
 i - the ring of the Original Sin {Int+6 Slay+2}
   (You found it on level 3 of the Snake Pit)

   [ring of intelligence]

   Int:       It affects your intelligence (+6).
   Slay:      It affects your accuracy & damage with ranged weapons and melee
   (+2).
 s - an amulet of reflection (around neck)
 B - a +4 ring of protection (left hand)
 D - a ring of protection from fire (right hand)
 E - a ring of protection from cold
Wands
 n - a wand of charming (24)
 r - a wand of quicksilver (12)
 x - a wand of digging (4)
 z - a wand of mindburst (15)
 H - a wand of iceblast (21)
Scrolls
 d - 4 scrolls of blinking
 p - 2 scrolls of summoning
 q - a scroll of magic mapping
 v - 9 scrolls of poison
 J - 16 scrolls of teleportation
 O - 5 scrolls of fear
 T - a scroll of butterflies
Potions
 c - a potion of invisibility
 e - 15 potions of curing
 k - 6 potions of might
 w - 3 potions of brilliance
 C - 2 potions of magic
 G - 3 potions of flight
 L - a potion of cancellation
 M - 6 potions of heal wounds
 Q - 3 potions of haste
 Z - 2 potions of resistance
Miscellaneous
 g - a tin of tremorstones (2/2)
 I - a box of beasts
 X - a phantom mirror


   Skills:
 - Level 10.0 Fighting
 - Level 14.3(15.5) Short Blades
 + Level 9.1(12.3) Long Blades
 - Level 5.0 Armour
 + Level 11.8 Dodging
 - Level 16.0 Stealth
 * Level 5.4 Shields
 + Level 11.9 Spellcasting
 - Level 16.0 Hexes
 + Level 5.8 Summonings
 + Level 4.5 Translocations
 + Level 4.3 Transmutations
 - Level 3.0 Ice Magic
 - Level 6.0 Invocations
 - Level 6.0 Evocations


You had 8 spell levels left.
You knew the following spells:

 Your Spells              Type           Power      Damage    Failure   Level
a - Ensorcelled Hibernat  Hex/Ice        100%       N/A       1%          2
b - Confusing Touch       Hex            80%        N/A       1%          3
c - Tukima's Dance        Hex            80%        N/A       1%          3
d - Blink                 Tloc           80%        N/A       1%          2
e - Enfeeble              Hex            40%        N/A       5%          7
f - Apportation           Tloc           80%        N/A       1%          1
g - Summon Mana Viper     Hex/Summ       66%        N/A       1%          5
h - Dazzling Flash        Conj/Hex       100%       N/A       1%          3
i - Yara's Violent Unrav  Hex/Tmut       31%        3d13      1%          5

Your spell library contained the following spells:

 Spells                   Type           Power      Damage    Failure   Level
 Slow                     Hex            100%       N/A       0%          1
 Call Canine Familiar     Summ           47%        N/A       1%          3
 Portal Projectile        Hex/Tloc       100%       N/A       1%          3
 Anguish                  Hex/Necr       28%        N/A       1%          4
 Fulminant Prism          Conj/Hex       28%        3d14      1%          4
 Leda's Liquefaction      Hex/Erth       28%        N/A       1%          4
 Magic Dart               Conj           64%        1d6       4%          1
 Necrotise                Necr           64%        1d7       4%          1
 Frozen Ramparts          Ice            64%        1d10      4%          3
 Spider Form              Tmut/Pois      27%        N/A       5%          3
 Searing Ray              Conj           32%        2d5       7%          2
 Sublimation of Blood     Necr           16%        N/A       7%          2
 Summon Ice Beast         Ice/Summ       39%        N/A       8%          4
 Ice Form                 Ice/Tmut       35%        N/A       10%         4
 Vampiric Draining        Necr           16%        2d7       14%         3
 Petrify                  Tmut/Erth      27%        N/A       19%         4
 Manifold Assault         Tloc           40%        N/A       19%         5
 Alistair's Intoxication  Tmut/Pois      18%        N/A       45%         5
 Irradiate                Conj/Tmut      13%        3d16      45%         5
 Agony                    Necr           16%        N/A       77%         5
 Monstrous Menagerie      Summ           23%        N/A       98%         7
 Storm Form               Tmut/Air       13%        N/A       100%        7


Dungeon Overview and Level Annotations

Branches:
Dungeon (15/15)            Temple (1/1) D:6            Lair (5/5) D:10
 Shoals (0/4) Lair:2        Snake (4/4) Lair:3        Slime (0/5) Lair:4
    Orc (2/2) D:11            Elf (0/3) Orc:2        Vaults (0/5) D:13
 Depths (0/4) D:15          IceCv (visited)         Volcano (visited)
Gauntlet (visited)

Altars:
Ashenzari
Cheibriados
Dithmenos
Fedhas
Gozag
Hepliaklqana
Kikubaaqudgha
Makhleb
Nemelex Xobeh
Okawaru
Qazlal
Ru
Sif Muna
Trog
Uskayaw
Vehumet
Wu Jian
Xom
Yredelemnul
Jiyva

Shops:
Orc:2 ?::!   Snake:2 =[(

Annotations:
Snake:4 Saint Roka


Innate Abilities, Weirdness & Mutations

You do not regenerate when monsters are visible.
You are frail without blood (-20% HP).
You can heal yourself when you bite living creatures.
You are immune to poison.
You have razor-sharp teeth.
You have supernaturally acute eyesight. (SInv)
You are afflicted with vampirism and can become a bat while bloodless.
You passively dampen the noise of your surroundings.


Message History

Saint Roka says, "In the orcish mines, orcs kill the likes of YOU!"
Saint Roka roars a battlecry!
The orcs go into a battle-frenzy!
The orc sorcerer shouts!
The ogre shouts!
The orc warrior shouts!
The anaconda hisses angrily.
The orc warrior shouts!
The orc shouts!
The orc wizard shouts!
The orc warrior shouts!
The orc sorcerer attacks as you move away!
The orc sorcerer completely misses you.
Saint Roka invokes the aid of Beogh against you.
Beogh smites you!
The orc wizard gestures wildly while chanting.
The orc wizard flickers and vanishes for a moment.
The orc sorcerer attacks as you move away!
The orc sorcerer hits you with a +0 dagger.
The ogre attacks as you move away! You block the ogre's attack.
The anaconda attacks as you move away! The anaconda completely misses you.
The anaconda closely misses you.
The orc sorcerer points at you and mumbles some strange words.
The bolt of fire misses you. You block the black mamba's attack.
There is a stone staircase leading up here.
The anaconda grabs you.
You stop ascending the stairs.
The anaconda completely misses you. The anaconda constricts you.
You block the black mamba's attack. You block the anaconda's attack.
The anaconda constricts you.
The orc sorcerer gestures at you while chanting.
You suddenly lose the ability to move!
Saint Roka hits you from afar with a +0 bardiche!!
The black mamba bites you! The anaconda bites you!
* * * LOW HITPOINT WARNING * * *
The anaconda constricts you.
* * * LOW HITPOINT WARNING * * *
The black mamba bites you!
* * * LOW HITPOINT WARNING * * *
The anaconda bites you.
* * * LOW HITPOINT WARNING * * *
The anaconda constricts you.
* * * LOW HITPOINT WARNING * * *
Saint Roka calls down the wrath of Beogh upon you.
Beogh smites you!
You die...

### ####...
.......
######.......
#..@SOo.....N
#...Soo......
#...oo....N..
#...o........
......###o.#...
..###### #..#..
. .... .... ...


You could see Saint Roka, an anaconda, a black mamba, an orc sorcerer (strong),
3 orc warriors, a naga (wandering), an ogre, an orc wizard (strong, invisible)
and an orc (strong).

Vanquished Creatures
  Agnes (D:15)
  Gastronok (D:9)
  A fire giant (D:15)
  2 nagarajas
  Azrael (D:13)
  A minotaur (Gauntlet)
  Snorg (D:13)
  Fannar (Lair:1)
  3 ice dragons
  2 boulder beetles
  8 hydras
  A catoblepas (Lair:4)
  3 ogre magi
  4 caustic shrike simulacra (IceCv)
  A salamander tyrant (Snake:3)
  A death knight (D:14)
  6 centaur warriors
  5 anacondas
  12 two-headed ogres
  Erica (Lair:1)
  A death yak (Lair:5)
  A hell hog (Volcano)
  14 naga warriors
  A tengu warrior (D:14)
  8 shock serpents
  5 naga sharpshooters
  Amaemon (D:11)
  Nergalle (Lair:1)
  5 salamander mystics
  A shadow wraith (D:13)
  10 skeletal warriors
  A fire crab (Volcano)
  A deep elf archer (D:13)
  2 bog bodies (IceCv)
  2 deep trolls (Orc:2)
  A wizard (D:15)
  A lindwurm (Lair:4)
  5 naga ritualists
  13 mana vipers
  6 deep elf pyromancers
  15 ugly things
  8 cyclopes
  4 manticores
  Maurice (D:9)
  12 naga magi
  32 black mambas
  10 elephants
  37 salamanders
  3 merfolk sirens (Lair:2)
  4 guardian serpents (Snake:3)
  4 ice statues (D:12)
  A torpor snail (Lair:5)
  3 centaur skeletons (D:13)
  A molten gargoyle (Volcano)
  An orange demon (D:11)
  6 gargoyles
  2 rime drakes
  3 efreet (D:15)
  A kobold demonologist (D:8)
  24 cane toads
  11 komodo dragons
  4 freezing wraiths
  5 yaktaurs (D:15)
  4 ice devils
  A merfolk (Lair:2)
  4 golden dragon simulacra (IceCv)
  4 hornets
  5 tyrant leeches (Lair:5)
  5 polar bears
  7 trolls (Orc:2)
  A harpy skeleton (D:13)
  32 blink frogs
  4 slime creatures (D:12)
  17 dream sheep
  3 shadows
  A centaur simulacrum (D:14)
  3 wraiths (D:14)
  A water elemental (D:13)
  4 wyverns
  40 yaks
  3 unseen horror simulacra (D:9)
  2 basilisks
  5 steam dragons
  3 fire elementals (D:13)
  A basilisk (shapeshifter) (D:14)
  12 vampire mosquitoes
  A warg (D:11)
  3 swamp worms (Gauntlet)
  3 acid dragons
  A harpy simulacrum (IceCv)
  6 hell hounds
  37 nagas
  15 water moccasins
  2 hydra simulacra (IceCv)
  2 ettin simulacra (IceCv)
  11 orc warriors
  A black bear (D:5)
  16 ice beasts
  3 sky beasts
  A boggart (D:13)
  20 ogres
  11 wolves
  24 centaurs
  4 kobold brigands
  14 bullfrogs
  A deep troll simulacrum (IceCv)
  A necrophage (D:5)
  2 scorpions
  A gnoll sergeant (D:11)
  5 wights
  7 killer bees
  8 electric eels
  A howler monkey (D:13)
  4 lava snakes (Snake:2)
  4 hounds
  12 orc priests
  A gnoll bouda (D:5)
  3 jellies
  6 iguanas
  14 orc wizards
  5 hell rats (Lair:3)
  7 gnolls
  10 adders
  9 white imps
  2 howler monkey simulacra (D:9)
  An ufetubus (D:9)
  A worm (D:2)
  A dart slug (D:1)
  64 orcs
  5 bats
  11 endoplasms
  5 giant cockroaches
  5 goblins
  12 hobgoblins
  10 jackals
  16 kobolds
  6 quokkas
  9 ball pythons
  3 frilled lizards
  7 rats
924 creatures vanquished.

Vanquished Creatures (collateral kills)
  A two-headed ogre (D:8)
  A naga (Snake:3)
  2 orc priests (D:8)
  An orc wizard (D:8)
5 creatures vanquished.

Vanquished Creatures (others)
  A howler monkey (D:5)
  A hound (D:5)
  An orc wizard (D:5)
  An ufetubus (D:9)
  3 orcs
  2 bushes (D:15)
  10 demonic plants (Gauntlet)
  24 fungi
  76 plants
119 creatures vanquished.

Grand Total: 1048 creatures vanquished

Notes
Turn   | Place    | Note
-------+----------+-------------------------------------------
     0 | D:1      | scionoferis the Vampire Enchanter began the quest for the
                  | Orb.
     0 | D:1      | Reached XP level 1. HP: 13/13 MP: 3/3
   130 | D:1      | Reached XP level 2. HP: 3/15 MP: 5/5
   456 | D:1      | Reached skill level 5 in Hexes
   461 | D:1      | Learned a level 2 spell: Ensorcelled Hibernation
   528 | D:1      | You fall into a shaft and drop 1 floor!
   540 | D:2      | Found a hazy altar of Hepliaklqana.
   854 | D:1      | Gained mutation: You are afflicted with vampirism and can
                  | become a bat while bloodless. [Vampire growth]
   854 | D:1      | Reached XP level 3. HP: 19/19 MP: 3/6
  1301 | D:2      | Reached skill level 5 in Stealth
  1580 | D:2      | Found a faded altar of an unknown god.
  1857 | D:3      | Found a hide-covered altar of Uskayaw.
  1963 | D:3      | Reached XP level 4. HP: 24/24 MP: 7/7
  1967 | D:3      | Learned a level 3 spell: Confusing Touch
  2326 | D:3      | Reached skill level 1 in Ice Magic
  2947 | D:3      | Reached XP level 5. HP: 28/28 MP: 9/9
  2958 | D:3      | Learned a level 3 spell: Tukima's Dance
  3145 | D:3      | Found an iron altar of Okawaru.
  3871 | D:4      | Found a sacrificial altar of Ru.
  4072 | D:4      | Reached skill level 1 in Armour
  4072 | D:4      | Reached XP level 6. HP: 32/32 MP: 7/10
  4395 | D:4      | Upgraded the game from 0.30-a0-40-gc6d0f036a7 to
                  | 0.30-a0-42-g806c11bf1d
  4416 | D:5      | Entered Level 5 of the Dungeon
  4550 | D:5      | Identified the +1 helmet of the Armoured One {Dex+2}
  4607 | D:5      | Reached XP level 7. HP: 36/36 MP: 2/12
  4612 | D:5      | Reached skill level 1 in Shields
  5409 | D:5      | Found a shimmering altar of Xom.
  5609 | D:5      | Reached skill level 5 in Short Blades
  5609 | D:5      | Reached XP level 8. HP: 41/41 MP: 6/13
  6128 | D:6      | Identified the +8 glaive "Zaagaic" {vorpal, rN+ Str+4}
  6243 | D:6      | Found a staircase to the Ecumenical Temple.
  6589 | D:6      | Found a bloodstained altar of Trog.
  6921 | Temple   | Entered the Ecumenical Temple
  7099 | Temple   | Became a worshipper of Dithmenos the Shadowed
  7153 | D:7      | Noticed a gargoyle
  7320 | D:7      | Killed a gargoyle
  7749 | D:7      | Reached XP level 9. HP: 32/45 MP: 12/16
  8041 | D:7      | Found a shimmering blue altar of Sif Muna.
  8168 | D:7      | Reached skill level 5 in Spellcasting
  8451 | D:8      | Noticed a two-headed ogre
  8470 | D:8      | Reached * piety under Dithmenos
  8479 | D:8      | Killed a two-headed ogre
  8841 | D:8      | Found a broken altar of Ashenzari.
  9522 | D:8      | Reached skill level 10 in Stealth
  9523 | D:8      | Noticed a white ugly thing
  9531 | D:8      | Reached XP level 10. HP: 50/50 MP: 15/18
  9545 | D:8      | Killed a white ugly thing
  9546 | D:8      | Reached skill level 10 in Hexes
 10008 | D:8      | Found a hazy altar of Hepliaklqana.
 10152 | D:9      | Noticed Maurice
 10155 | D:9      | Reached skill level 5 in Shields
 10165 | D:9      | Killed Maurice
 10165 | D:9      | Reached ** piety under Dithmenos
 10177 | D:9      | Identified the +2 robe "Vuiviruc" {Dex+4}
 10342 | D:9      | Noticed Gastronok
 10345 | D:9      | Reached skill level 1 in Fighting
 10345 | D:9      | Reached skill level 1 in Invocations
 10501 | D:9      | Killed Gastronok
 10502 | D:9      | Reached skill level 10 in Short Blades
 10510 | D:9      | Reached XP level 11. HP: 57/57 MP: 11/20
 11552 | D:9      | Reached *** piety under Dithmenos
 12078 | D:10     | Entered Level 10 of the Dungeon
 12109 | D:10     | Gained mutation: You are clumsy. (Dex -2) [potion of
                  | mutation]
 12109 | D:10     | Gained mutation: You passively dampen the noise of your
                  | surroundings. [potion of mutation]
 12109 | D:10     | Lost mutation: You are clumsy. (Dex -2) [potion of
                  | mutation]
 12687 | D:10     | Found a staircase to the Lair.
 13139 | D:11     | Noticed Amaemon
 13166 | D:11     | Killed Amaemon
 13497 | D:11     | Found a staircase to the Orcish Mines.
 13759 | D:11     | Found a shadowy altar of Dithmenos.
 14704 | D:12     | Noticed a deep elf pyromancer
 14709 | D:12     | Killed a deep elf pyromancer
 14711 | D:12     | Noticed a deep elf pyromancer
 14754 | D:12     | Reached **** piety under Dithmenos
 14759 | D:12     | Reached XP level 12. HP: 66/66 MP: 23/23
 14876 | D:12     | Noticed a boulder beetle
 14911 | D:12     | Killed a boulder beetle
 15655 | D:12     | Identified the +0 chain mail of Jigsaw {rN+ rCorr Int+3
                  | Dex-3}
 15657 | D:12     | Noticed an ice dragon
 15667 | D:12     | Noticed an ice dragon
 15681 | D:12     | Killed an ice dragon
 16060 | Lair:1   | Entered Level 1 of the Lair of Beasts
 16188 | Lair:1   | Reached skill level 5 in Dodging
 16593 | Lair:1   | Reached skill level 5 in Fighting
 16593 | Lair:1   | Reached skill level 5 in Invocations
 16696 | Lair:1   | Noticed Nergalle
 16750 | Lair:1   | Noticed Fannar
 16773 | Lair:1   | Killed Fannar
 17050 | Lair:1   | Noticed Erica
 17254 | Lair:1   | Killed Erica
 17536 | Lair:1   | Reached XP level 13. HP: 72/72 MP: 15/25
 17542 | Lair:1   | Reached ***** piety under Dithmenos
 17543 | Lair:1   | Reached skill level 5 in Armour
 17658 | Lair:1   | Killed Nergalle
 17990 | Lair:2   | Found a gate leading to a gauntlet.
 17990 | Lair:2   | You fall into a shaft and drop 1 floor!
 18096 | Gauntlet | Entered a Gauntlet
 18096 | Gauntlet | Found a transporter.
 18096 | Gauntlet | Found a transporter.
 18097 | Gauntlet | Found a transporter.
 18099 | Gauntlet | Found a transporter.
 18100 | Gauntlet | Found a transporter.
 18119 | Gauntlet | Found a transporter.
 18128 | Gauntlet | Noticed a reaper
 18182 | Gauntlet | Found a transporter.
 18195 | Gauntlet | Found a transporter.
 18210 | Gauntlet | Found a transporter.
 18212 | Gauntlet | Found a large runed translucent door.
 18213 | Gauntlet | Found a large runed translucent door.
 18214 | Gauntlet | Found a large runed translucent door.
 18214 | Gauntlet | Found a large runed translucent door.
 18214 | Gauntlet | Found a runed translucent door.
 18214 | Gauntlet | Found a runed translucent door.
 18215 | Gauntlet | Found a large runed translucent door.
 18215 | Gauntlet | Found a large runed translucent door.
 18215 | Gauntlet | Found a large runed translucent door.
 18215 | Gauntlet | Found a large runed translucent door.
 18216 | Gauntlet | Found a large runed translucent door.
 18217 | Gauntlet | Found a large runed translucent door.
 18218 | Gauntlet | Found a large runed translucent door.
 18218 | Gauntlet | Found a large runed translucent door.
 18219 | Gauntlet | Found a large runed translucent door.
 18219 | Gauntlet | Found a large runed translucent door.
 18219 | Gauntlet | Found a large runed translucent door.
 18219 | Gauntlet | Found a large runed translucent door.
 18223 | Gauntlet | Found a runed translucent gate.
 18223 | Gauntlet | Found a runed translucent gate.
 18223 | Gauntlet | Found a runed translucent gate.
 18225 | Gauntlet | Found a transporter.
 18240 | Gauntlet | Found a transporter.
 18246 | Gauntlet | Found a transporter.
 18340 | Gauntlet | Noticed a fire dragon
 18788 | Gauntlet | Noticed a minotaur
 18953 | Gauntlet | Killed a minotaur
 18979 | Gauntlet | Identified the +1 pair of gloves of the Stars {*Corrode
                  | Will+ Str+3 Int+4}
 19069 | Lair:2   | Reached skill level 1 in Long Blades
 19193 | Lair:2   | Found a staircase to the Shoals.
 20082 | Lair:3   | Found a staircase to the Snake Pit.
 20712 | Lair:2   | Reached skill level 1 in Evocations
 21463 | Lair:4   | Found a runed translucent door.
 21464 | Lair:4   | Found a viscous altar of Jiyva.
 21466 | Lair:4   | Found a staircase to the Slime Pits.
 22378 | Lair:5   | Entered Level 5 of the Lair of Beasts
 22389 | Lair:5   | Reached XP level 14. HP: 80/80 MP: 27/27
 22604 | Lair:5   | Reached ****** piety under Dithmenos
 22966 | Lair:5   | Found the +9 staff of Wucad Mu {*channel}
 22992 | Lair:5   | Learned a level 2 spell: Blink
 23349 | Lair:5   | Reached skill level 1 in Translocations
 23648 | Lair:5   | Reached skill level 15 in Hexes
 24613 | D:13     | Found a gate to the Vaults.
 24997 | D:13     | Reached skill level 5 in Long Blades
 25671 | D:13     | Noticed Snorg
 25690 | D:13     | Killed Snorg
 25754 | D:13     | Reached XP level 15. HP: 86/86 MP: 28/28
 25878 | D:13     | Noticed Azrael
 26099 | D:13     | Killed Azrael
 26318 | D:13     | Reached skill level 10 in Spellcasting
 27219 | D:14     | Reached skill level 5 in Evocations
 27485 | D:15     | Entered Level 15 of the Dungeon
 27621 | D:15     | Found a frozen archway.
 27651 | IceCv    | Entered an ice cave
 27921 | IceCv    | Reached skill level 15 in Stealth
 27976 | IceCv    | Identified the -1 pair of boots "Qopp" {rC++ Str-5 Dex+8}
 28026 | IceCv    | Noticed an Ice Fiend
 28027 | IceCv    | Noticed an Ice Fiend
 28599 | D:15     | Noticed Agnes
 28628 | D:15     | Killed Agnes
 28697 | D:15     | Found a burning altar of Makhleb.
 28722 | D:15     | Found a staircase to the Depths.
 28723 | D:15     | Noticed a fire giant
 28770 | D:15     | Killed a fire giant
 29133 | D:15     | Reached skill level 10 in Dodging
 30009 | D:12     | Reached XP level 16. HP: 83/94 MP: 26/30
 30177 | Orc:1    | Entered Level 1 of the Orcish Mines
 30475 | Orc:2    | Entered Level 2 of the Orcish Mines
 30475 | Orc:2    | Found a staircase to the Elven Halls.
 30488 | Orc:2    | Found Okimick's Book Shoppe.
 30496 | Orc:2    | Found a dark tunnel.
 30502 | Volcano  | Entered a volcano
 30772 | Volcano  | Found a burning altar of Makhleb.
 31091 | Orc:2    | Found Vori's Magic Scroll Boutique.
 31092 | Orc:2    | Found Rethack's Book Shoppe.
 31188 | Orc:2    | Found Uwne's Distillery.
 32045 | Orc:2    | Bought a book of Party Tricks for 192 gold pieces
 32045 | Orc:2    | Bought a book of Misfortune for 432 gold pieces
 32065 | Orc:2    | Learned a level 7 spell: Enfeeble
 32067 | Orc:2    | Learned a level 1 spell: Apportation
 32112 | Orc:2    | Bought a scroll of brand weapon for 133 gold pieces
 32354 | Orc:2    | Bought a book of Beasts for 456 gold pieces
 32361 | Orc:2    | Learned a level 5 spell: Summon Mana Viper
 32488 | Snake:1  | Entered Level 1 of the Snake Pit
 32620 | Snake:1  | Reached skill level 1 in Summonings
 32972 | Lair:3   | Learned a level 3 spell: Dazzling Flash
 34344 | Snake:2  | Found Sourr's Weapon Boutique.
 34346 | Snake:2  | Found Luamib's Antique Armour Shop.
 34349 | Snake:2  | Found Lyaton's Jewellery Boutique.
 34438 | Snake:1  | Learned a level 5 spell: Yara's Violent Unravelling
 34911 | Snake:2  | Reached skill level 1 in Transmutations
 35297 | Snake:2  | Reached XP level 17. HP: 100/100 MP: 25/32
 36801 | Snake:3  | Reached skill level 5 in Summonings
 37781 | Snake:3  | Reached skill level 10 in Fighting
 37894 | Snake:3  | Upgraded the game from 0.30-a0-42-g806c11bf1d to
                  | 0.30-a0-43-gbbf338a72c
 39210 | Snake:3  | Identified the ring of the Original Sin {Int+6 Slay+2}
 39683 | Snake:4  | Entered Level 4 of the Snake Pit
 39683 | Snake:4  | Noticed Saint Roka
 39689 | Snake:4  | Paralysed by an orc sorcerer for 4 turns
 39690 | Snake:4  | Killed from afar by Saint Roka

Illustrated notes

Levels and vault maps discovered:
D:1:      psy_arrival_dodecagon, layout_rooms, minmay_split_cup_small
D:2:      layout_basic, shapermc_ecumenical_altar_totnotflames, basic_altar
D:3:      layout_basic, okawaru_metal_pillars_1_2, mainiacjoe_overflow_brackets,
          minmay_misc_feat_pillars
D:4:      layout_basic, nicolae_ru_great_annihilating_truth
D:5:      layout_loops_ring, nicolae_elyvilon_temple_path, xom_confusion_cloud,
          minmay_circle_x
D:6:      layout_loops_cross, mainiacjoe_overflow_cross_hatched,
          minmay_temple_entry_purple_smoke
D:7:      layout_gridville, mainiacjoe_overflow_24_doors
D:8:      layout_loops_corners, amcnicky_altar_gilded, general_overflow_altar,
          ebering_dispersal_statue_hall, minmay_pinched_square
D:9:      corexii_shack_village, layout_basic, serial_ice, serial_ice_h,
          serial_ice_d, serial_ice_o, serial_ice_n, serial_ice_j, serial_ice_b,
          serial_ice_g, serial_ice_f, serial_ice_a, serial_ice_c,
          uniq_gastronok, uniq_maurice
D:10:     layout_basic, lair_entry_dummy, minmay_misc_feat_square
D:11:     layout_grid_maze, orc_0_dummy, grunt_dithmenos_smoke, uniq_amaemon
D:12:     minmay_ice_pillars, layout_gridville
D:13:     layout_basic, hangedman_vaults_entry_quadrant_bands, wad_dig_loot,
          uniq_azrael, uniq_snorg
D:14:     layout_irregular_city
D:15:     grunt_enter_depths_giant_problem, layout_basic, serial_park_square1
          [serial_park_minivault_5x5_5], portal_ice_cave_entry_dragon,
          makhleb_altar_promises_db, uniq_agnes
Temple:   nicolae_temple_bog_church
Lair:1:   layout_cave_pods, serial_bayou_crossing, lemuel_fruit_fields,
          grunt_megastairs_4, infiniplex_staircase_pool_2, serial_bayou_shore_a,
          uniq_fannar, uniq_erica, uniq_nergalle
Lair:2:   layout_hall_layers, elwin_shoals_entry_stream, gauntlet_entry_generic,
          grunt_megastairs_3, lemuel_fruit_fields
Lair:3:   layout_cave_pods, dummy_snake_entry, beast_lair_carwin_6
Lair:4:   layout_misc_corridors, slime_entry_2, amcnicky_mini_pool_medium
Lair:5:   minmay_lair_end_frog_pond, layout_long_grid
Snake:1:  layout_onion, nicolae_snake_mages_go_home
Snake:2:  layout_onion_interference, nicolae_snake_salamander_zone,
          minmay_shop_star
Snake:3:  layout_layer_cave, nicolae_snake_storage_room
Snake:4:  snake_pit, layout_rooms, basic_altar, uniq_saint_roka
Orc:1:    layout_caves, uniq_harold
Orc:2:    st_orc_open, layout_caves, nicolae_volcano_entry_lava_flow

Skill      XL: |  1  2  3  4  5  6  7  8  9 10 11 12 13 14 15 16 17 |
---------------+----------------------------------------------------+-----
Hexes          | 5 6 7 8 9 10 12 13 14 15 16 | 16.0
Stealth        | 5 6 7 8 10 11 12 14 15 16 | 16.0
Short Blades   | 2 3 5 6 8 10 11 12 13 14 | 14.3
Ice Magic      | 1 2 3 |  3.0
Spellcasting   | 3 4 5 6 7 8 9 10 11 | 11.9
Armour         | 1 2 3 4 5 |  5.0
Shields        | 2 3 4 5 |  5.4
Fighting       | 2 3 5 6 7 8 9 10 | 10.0
Invocations    | 1 3 5 6 |  6.0
Dodging        | 4 6 7 8 10 11 | 11.8
Long Blades    | 3 5 6 8 9 |  9.1
Evocations     | 2 4 5 6 |  6.0
Translocations | 2 3 4 |  4.5
Summonings     | 4 5 |  5.8
Transmutations | 1 4 |  4.3

Action                   |  1- 3 |  4- 6 |  7- 9 | 10-12 | 13-15 | 16-18 || total
-------------------------+-------+-------+-------+-------+-------+-------++-------
Melee: Dagger            |    83 |   111 |   191 |   290 |   623 |   466 ||  1764
       Bite              |     6 |     5 |    17 |    22 |    85 |    52 ||   187
       Punch             |       |     1 |       |       |       |       ||     1
       Scimitar          |       |       |       |       |    79 |     8 ||    87
Throw: Dart              |       |       |     4 |     4 |    10 |     7 ||    25
       Throwing net      |       |       |       |       |     1 |       ||     1
 Cast: Ensorcelled Hiber |    16 |    56 |    49 |   127 |   284 |   296 ||   828
       Confusing Touch   |       |       |     6 |    13 |    46 |    19 ||    84
       Tukima's Dance    |       |       |     3 |       |       |     7 ||    10
       Blink             |       |       |       |       |     6 |       ||     6
       Dazzling Flash    |       |       |       |       |       |     4 ||     4
       Summon Mana Viper |       |       |       |       |       |     3 ||     3
       Enfeeble          |       |       |       |       |       |     2 ||     2
Invok: Shadow Step       |       |       |       |     1 |     3 |       ||     4
 Abil: Exsanguinate      |     1 |       |       |       |       |       ||     1
       End Transformatio |       |       |       |     1 |       |       ||     1
       Bat Form          |       |       |       |     1 |       |       ||     1
  Use: Potion            |     1 |       |     1 |     4 |     1 |       ||     7
       Scroll            |     4 |       |     7 |     2 |    15 |     5 ||    33
 Stab: Sleeping          |    26 |    49 |    53 |   144 |   261 |   219 ||   752
       Invisible         |     2 |       |       |       |       |     9 ||    11
       Confused          |       |       |     5 |    12 |    53 |    24 ||    94
       Distracted        |       |       |     1 |     4 |     7 |     5 ||    17
Armor: Ring mail         |    10 |       |       |       |       |       ||    10
       Robe              |     9 |    26 |    11 |    14 |    60 |    29 ||   149
       Steam dragon scal |       |       |    12 |    17 |       |       ||    29
       Troll leather arm |       |       |       |       |    23 |       ||    23
Dodge: Dodged            |    35 |    41 |    39 |    57 |   326 |   319 ||   817
Block: Other             |     1 |    16 |       |       |       |       ||    17
       Buckler           |       |     7 |    59 |    76 |   259 |   247 ||   648
       Reflection        |       |       |     5 |     4 |    35 |    29 ||    73

Table legend: (Time is in decaauts)
 A = Elapsed time spent in this place.
 B = Non-inter-level travel time spent in this place.
 C = Inter-level travel time spent in this place.
 D = Time resting spent in this place.
 E = Time spent auto-exploring this place.
 F = Levels seen in this place.
 G = Mean time per level.
                   A        B        C        D        E       F      G
               +--------+--------+--------+--------+--------+-----+--------+
         Total |  38887 |  35730 |   3157 |   8446 |  13593 |  30 | 1296.2 |
       Dungeon |  20879 |  19305 |   1574 |   4371 |   7826 |  15 | 1391.9 |
        Temple |    202 |    164 |     38 |      0 |    150 |   1 |  202.0 |
          Lair |   7851 |   6951 |    900 |   1856 |   2703 |   5 | 1570.2 |
     Snake Pit |   6312 |   5714 |    598 |   1341 |   2275 |   4 | 1578.0 |
  Orcish Mines |   1518 |   1473 |     45 |    248 |    632 |   2 |  759.0 |
      Ice Cave |    710 |    710 |      0 |    109 |      0 |   1 |  710.0 |
       Volcano |    546 |    546 |      0 |    125 |      0 |   1 |  546.0 |
      Gauntlet |    866 |    866 |      0 |    396 |      7 |   1 |  866.0 |
               +--------+--------+--------+--------+--------+-----+--------+

Top non-repeatable levels by time:
 Snake:3: 2794 daAuts
 Snake:2: 2546 daAuts
  Lair:3: 2194 daAuts
    D:12: 2047 daAuts
  Lair:1: 2003 daAuts
    D:11: 1937 daAuts
     D:9: 1919 daAuts
    D:13: 1869 daAuts
     D:8: 1717 daAuts
  Lair:5: 1684 daAuts
     D:5: 1665 daAuts
     D:3: 1535 daAuts
     D:7: 1287 daAuts
     D:4: 1134 daAuts
    D:15: 1119 daAuts
